Match 46103982
Unlisted

Match 46103982
End
250 Light Carrier
Panzergrenadier Squad
Selects Italian Infantry
Panzergrenadier Squad
Construct Light Support Kompanie
Selects Defensive Operations
MG34 Team
Construct Mechanized Kompanie
Panzergrenadier Squad
Support Armor Elements
StuG III D Assault Gun
Construct Panzerarmee Kommand
Advanced Optics
Armored Reserves
Tungsten Core Ammunition
Pak 38 Anti-tank Gun Team
themegustacompany
dundundunana
Grand Moaster
Sgt. Barnes
Serial Chiller
1140791537
putthawutt
Ee
0
0

Comments sign in to comment!

No comments posted yet!